 Dungeon Crawl Stone Soup version 0.16-a0-4088-g7c8221e (webtiles) character file.

541 timbw the Chopper (level 7, -8/51 HPs)
             Began as a Vampire Fighter on Feb 23, 2015.
             Splashed by a jelly's acid (15 damage)
             ... on level 4 of the Dungeon.
             The game lasted 00:09:16 (1810 turns).

timbw the Chopper (Vampire Fighter)                 Turns: 1810, Time: 00:09:16

Health: -8/51      AC:  2    Str: 17    XL:     7   Next: 5%
Magic:  7/7        EV:  2    Int: 10    God:
Gold:   175        SH:  8    Dex: 13    Spells: 0 memorised, 6 levels left

rFire  . . .     SeeInvis +     a - +0 war axe
rCold  . . .     Clarity  .     k - +1 plate armour
rNeg   . . .     SustAb   .     c - +0 shield
rPois  .         Gourm    .     (no helmet)
rElec  .         Spirit   .     (no cloak)
rCorr  .         Warding  .     (no gloves)
rMut   .         Stasis   .     (no boots)
MR     .....                    (no amulet)
Stlth  ..........               (no ring)
                                (no ring)

@: corroded equipment, regenerating quickly, hasted, very quick, not resistant
to hostile enchantments, extremely unstealthy
A: bottle blood, fangs 3, see invisible, unbreathing
a: no special abilities


You were on level 4 of the Dungeon.
You were very full.

You visited 1 branch of the dungeon, and saw 5 of its levels.
You also visited: Sewer.

You collected 175 gold pieces.

Inventory:

Hand weapons
 a - a +0 war axe (weapon)
Missiles
 q - 4 tomahawks (quivered)
Armour
 b - a +0 scale mail
 c - a +0 shield (worn)
 j - a +0 chain mail
 k - a +1 plate armour (worn)
Magical devices
 n - a wand of fireball (0)
Scrolls
 d - a scroll of noise {unknown}
 f - 2 scrolls of remove curse
 g - a scroll of immolation {unknown}
 h - a scroll of teleportation
 i - a scroll of identify
 m - a scroll of magic mapping {unknown}
Potions
 e - a potion of might
 l - a potion of blood
 o - a potion of mutation
 r - a potion of haste
Books
 p - a book of Alchemy

   Spells                             Type                      Level
   a - Sublimation of Blood           Necromancy                   2
   b - Alistair's Intoxication        Transmutation/Poison         4
   c - Condensation Shield            Ice                          4
   d - Petrify                        Transmutation/Earth          4
   e - Ignite Poison                  Fire/Transmutation           5
   f - Irradiate                      Conjuration/Transmutation    5


   Skills:
 - Level 2.6 Fighting
 + Level 7.1 Axes
 - Level 2.4 Armour
 - Level 2.6 Shields


You had 6 spell levels left.
You didn't know any spells.

Dungeon Overview and Level Annotations

Branches:
Dungeon (5/15)
 Temple: D:4-7

Altars:
Dithmenos
Ru
Zin

Shops:
D:4 [


Innate Abilities, Weirdness & Mutations

Your natural rate of healing is unusually fast.
You can bottle blood from corpses.
You have razor-sharp teeth.
You have supernaturally acute eyesight.
You can survive without breathing.


Message History

The jelly hits you.
You are splashed with acid!
The acid burns!
You block the jelly's attack. You block the jelly's attack.
You hit the jelly. The acid corrodes your equipment!
The jelly is lightly wounded.
The jelly hits you.
You are splashed with acid!
The acid corrodes your equipment!
The acid burns!
You hit the jelly.
The jelly is lightly wounded.
The jelly hits you.
You are splashed with acid!
The acid burns!
You hit the jelly.
The jelly is moderately wounded.
The jelly hits you.
You are splashed with acid!
The acid burns!
* * * LOW HITPOINT WARNING * * *
The jelly hits you but does no damage.
Drink which item? (? for menu, Esc to quit)
You feel yourself speed up. The jelly hits you.
* * * LOW HITPOINT WARNING * * *
You are splashed with acid!
The acid burns!
You die...

#.########### #.# .## #.#
#.# ..# #.# #.# #.# #.# #.#
#.# #.# # #.# #.# #.#.# #.#
#.# #.#.#
####.####.###.####...#♣.∩.♣
....%........)..@JZ.....♣
.###.####.###.####..#####
#.# #.# #.# #..# #.# #.#
#.# #.... #.# #.# #.##
##.### #.# #.##...## .# #.#
#.#...... .# #.# #......#
## ####.####.....#


You could see a jelly and an adder skeleton.

Vanquished Creatures
  The ghost of Speissi the Sneak, an average VSAs of Dithmenos (D:4)
  Purgy (Sewer)
  An ogre (D:4)
  An orc priest (D:4)
  Natasha (thrice) (D:3)
  A worker ant (D:3)
  Ijyb (D:3)
  2 gnolls (D:3)
  2 adders (D:2)
  4 giant mites
  2 worms
  An adder skeleton (D:4)
  8 orcs
  A ball python (D:3)
  7 giant cockroaches
  4 hobgoblins
  7 bats
  4 giant geckos
  A giant newt (D:2)
  7 goblins
  5 jackals
  11 kobolds
  2 quokkas
  10 rats
87 creatures vanquished.

Notes
Turn   | Place    | Note
--------------------------------------------------------------
     0 | D:1      | timbw, the Vampire Fighter, began the quest for the Orb.
     0 | D:1      | Reached XP level 1. HP: 17/17 MP: 1/1
   300 | D:1      | Reached XP level 2. HP: 13/23 MP: 2/2
   553 | D:2      | Reached skill level 3 in Axes
   560 | D:2      | Found a sacrificial altar of Ru.
   570 | D:2      | Reached XP level 3. HP: 13/28 MP: 3/3
   701 | D:3      | Noticed Natasha
   713 | D:3      | Killed Natasha
   736 | D:3      | Noticed Natasha
   742 | D:3      | Killed Natasha
   742 | D:3      | Reached XP level 4. HP: 26/34 MP: 4/4
   750 | D:3      | Reached skill level 4 in Axes
   888 | D:3      | Noticed Natasha
   889 | D:3      | Killed Natasha
   894 | D:3      | Noticed Ijyb
   916 | D:3      | Killed Ijyb
   972 | D:3      | Reached XP level 5. HP: 18/39 MP: 5/5
   986 | D:3      | Noticed a phantom
  1026 | D:3      | Reached skill level 5 in Axes
  1238 | D:5      | Entered Level 5 of the Dungeon
  1307 | D:5      | Found a glowing silver altar of Zin.
  1367 | D:4      | Found a shadowy altar of Dithmenos.
  1431 | D:4      | Noticed Speissi's ghost (average VSAs)
  1466 | D:4      | Killed Speissi's ghost
  1466 | D:4      | Reached skill level 6 in Axes
  1466 | D:4      | Reached XP level 6. HP: 42/46 MP: 6/6
  1525 | D:4      | Noticed an ogre
  1537 | D:4      | Killed an ogre
  1636 | D:4      | Found a glowing drain.
  1640 | Sewer    | Entered a sewer
  1668 | Sewer    | Noticed Purgy
  1679 | Sewer    | Killed Purgy
  1679 | Sewer    | Reached skill level 7 in Axes
  1679 | Sewer    | Reached XP level 7. HP: 43/51 MP: 7/7
  1802 | D:4      | Found Qiato's Antique Armour Emporium.
  1810 | D:4      | Splashed by a jelly's acid

Action                   |  1- 3 |  4- 6 |  7- 9 || total
-------------------------+-------+-------+-------++-------
Melee: War axe           |   109 |   222 |     7 ||   338
Throw: Tomahawk          |       |     1 |       ||     1
Evoke: Wand              |       |     2 |       ||     2
  Use: Potion            |     2 |     2 |     1 ||     5
       Scroll            |       |     6 |       ||     6
  Eat: Corpse            |     8 |     8 |       ||    16
